 Dungeon Crawl Stone Soup version 0.31-a0-232-gb1c03b2570 (webtiles) character file.

Game seed: 6737621392668299760

378 qw the Shooter (level 6, -15/38 HPs)
             Began as a Gargoyle Hexslinger on July 7, 2023.
             Demolished by a komodo dragon (17 damage)
             ... on level 5 of the Dungeon.
             The game lasted 00:01:00 (2921 turns).

qw the Shooter (Gargoyle Hexslinger)                Turns: 2921, Time: 00:01:01

Health: -15/38     AC: 14    Str:  7    XL:     6   Next: 74%
Magic:  7/7        EV: 10    Int: 17    God:
Gold:   236        SH:  0    Dex: 14    Spells: 6/7 levels left

rFire   . . .        Y - +1 sling (flame)
rCold   . . .        (no shield)
rNeg    + . .        h - +5 ring mail of Xiutam {Slay+2}
rPois   inf          (no helmet)
rElec   +            (no cloak)
rCorr   +            (no gloves)
SInv    +            (no boots)
Will    .....        (no amulet)
Stlth   +            f - ring "Pezael" {Fly rCorr Str-5 Int+4 SInv}
HPRegen 0.26/turn    (no ring)
MPRegen 0.10/turn

%: no passive effects
@: about to teleport, flying
A: sickness immunity, AC +4, negative energy resistance 1, electricity
resistance, torment resistance 1, petrification resistance
a: no special abilities


You were on level 5 of the Dungeon.
You visited 1 branch of the dungeon, and saw 5 of its levels.

You collected 236 gold pieces.


Innate Abilities, Weirdness & Mutations

You are immune to sickness and miasma.
Your stone body is resilient. (AC +4)
You are immune to poison.
You resist negative energy. (rN+)
You are resistant to electric shocks. (rElec)
You are resistant to unholy torment.
You are immune to petrification.


   Skills:
 - Level 4.3 Fighting
 + Level 5.3 Ranged Weapons
 - Level 1.8 Armour
 - Level 1.5 Dodging
 - Level 1.0 Spellcasting
 - Level 2.6 Hexes


You had 6 spell levels left.
You knew the following spells:

 Your Spells              Type           Power      Damage    Failure   Level
a - Slow                  Hex            36%        N/A       24%         1

Your spell library contained the following spells:

 Spells                   Type           Power      Damage    Failure   Level
 Inner Flame              Hex/Fire       5%         N/A       77%         3
 Portal Projectile        Hex/Tloc       10%        N/A       77%         3
 Cause Fear               Hex            4%         N/A       93%         4

Inventory:

Hand Weapons
 Y - a +1 sling of flaming (weapon)
Armour
 h - the +5 ring mail of Xiutam (worn) {Slay+2}
   (You found it on level 3 of the Dungeon)

   Slay:      It affects your accuracy & damage with ranged weapons and melee
   (+2).
Jewellery
 b - a ring of magical power
 f - the ring "Pezael" (left hand) {Fly rCorr Str-5 Int+4 SInv}
   (You found it on level 3 of the Dungeon)

   [ring of flight]

   Str:       It affects your strength (-5).
   Int:       It affects your intelligence (+4).
   SInv:      It lets you see invisible.
   Fly:       It grants you flight.
   rCorr:     It protects you from acid and corrosion.
Wands
 k - a wand of digging (5)
Scrolls
 e - a scroll of teleportation
 i - a scroll of identify
Potions
 a - a potion of curing
 c - a potion of heal wounds
 d - a potion of resistance {unknown}
 g - a potion of might
 j - a potion of cancellation {unknown}
 l - a potion of enlightenment {unknown}

Dungeon Overview and Level Annotations

Branches:
Dungeon (5/15)
 Temple: D:4-7

Altars:
Ru

Annotations:
D:4 1 runed translucent door, qw's ghost, amateur MiHs


Message History

You start resting.
HP restored.
Could not explore, unopened runed door.
(D) Dungeon
Where to? (* - list waypoints, Enter - D:5, ? - help)
What level of the Dungeon? (default 1, ? - help)
There is a stone staircase leading down here.
You fly downwards.
There is a stone staircase leading up here.
b - a ring of magical power
e - 2 scrolls of teleportation (gained 1)
l - a cyan potion You see here a wand of quicksilver (3).
You reach down and open the door.
A komodo dragon comes into view.
The komodo dragon hisses angrily.
You shoot a sling bullet.
The sling bullet closely misses the komodo dragon.
The komodo dragon bites you.
You shoot a sling bullet.
The sling bullet completely misses the komodo dragon.
The komodo dragon bites you! The komodo dragon barely misses you.
You shoot a sling bullet.
The sling bullet hits the komodo dragon.
The sling bullet burns the komodo dragon.
The komodo dragon is lightly wounded.
The komodo dragon bites you!
You shoot a sling bullet.
The sling bullet closely misses the komodo dragon.
The komodo dragon closely misses you.
You shoot a sling bullet.
The sling bullet hits the komodo dragon.
The sling bullet burns the komodo dragon.
The komodo dragon is moderately wounded.
The komodo dragon bites you! The komodo dragon barely misses you.
2921 ||| READING 2 scrolls of teleportation.
As you read the scroll of teleportation, it crumbles to dust.
You feel strangely unstable. The komodo dragon bites you!
You die...

. .....#
#.#.....
.#....#
..... ....
..# ##l##
##.@.##
##.....##
##.../...##
#.........#
+.........+
#.........#
##.......##
##.....##
####...####


You could see a komodo dragon.

Vanquished Creatures
  Sigmund (D:4)
  An orc priest (D:4)
  An iguana (D:4)
  Jessica (D:2)
  An orc wizard (D:4)
  Natasha (twice) (D:2)
  An adder (D:4)
  2 worms
  A dart slug (D:2)
  3 orcs (D:4)
  3 endoplasms
  A giant cockroach (D:2)
  4 goblins
  9 hobgoblins
  5 kobolds
  4 quokkas
  2 ball pythons
  2 bats (D:1)
  3 frilled lizards
  13 rats
60 creatures vanquished.

Notes
Turn   | Place    | Note
-------+----------+-------------------------------------------
     0 | D:1      | qw the Gargoyle Hexslinger began the quest for the Orb.
     0 | D:1      | Reached XP level 1. HP: 12/12 MP: 2/2
     0 | D:1      | 0 ||| qw: Version: 0.3-a-46-gb1f654a
     0 | D:1      | 0 ||| qw: Game counter: 2864
     0 | D:1      | 0 ||| qw: Melee chars always use a shield: true
     0 | D:1      | 0 ||| qw: God list: Okawaru
     0 | D:1      | 0 ||| qw: Allow faded altars: false
     0 | D:1      | 0 ||| qw: Do Orc after clearing Dungeon:15 true
     0 | D:1      | 0 ||| qw: Do second Lair branch before Depths: true
     0 | D:1      | 0 ||| qw: Lair rune preference: random
     0 | D:1      | 0 ||| qw: Goals: Normal
     0 | D:1      | 0 ||| PLANNING D:1-11
   272 | D:1      | Reached XP level 2. HP: 16/16 MP: 3/3
   702 | D:1      | 702 ||| READING scroll labelled XIMMAMODEDD.
   703 | D:1      | 703 ||| READING 2 scrolls labelled MEIDAO CAOZ.
   704 | D:1      | 704 ||| READING scroll labelled BAWEGE DYGHI.
   705 | D:1      | 705 ||| READING scroll labelled ONUDO SUTY.
   710 | D:1      | 710 ||| READING scroll labelled FAROER CAPAST.
   711 | D:1      | 711 ||| DROPPING scroll of poison.
   712 | D:1      | 712 ||| DROPPING scroll of fear.
   728 | D:2      | Reached skill level 3 in Ranged Weapons
   853 | D:2      | Reached XP level 3. HP: 21/21 MP: 4/4
   923 | D:2      | Noticed Jessica
   924 | D:2      | 924 ||| Stepping ~*~*~tactically~*~*~ (outnumbered).
   927 | D:2      | 927 ||| Stepping ~*~*~tactically~*~*~ (outnumbered).
   950 | D:2      | Killed Jessica
  1000 | D:2      | Reached XP level 4. HP: 26/26 MP: 5/5
  1110 | D:2      | Noticed Natasha
  1115 | D:2      | Killed Natasha
  1116 | D:2      | Reached skill level 4 in Ranged Weapons
  1116 | D:2      | 1116 ||| FLEEEEING.
  1117 | D:2      | 1117 ||| FLEEEEING.
  1118 | D:2      | 1118 ||| FLEEEEING.
  1119 | D:2      | 1119 ||| FLEEEEING.
  1120 | D:2      | 1120 ||| FLEEEEING.
  1121 | D:2      | 1121 ||| FLEEEEING.
  1123 | D:2      | 1123 ||| FLEEEEING.
  1124 | D:2      | 1124 ||| FLEEEEING.
  1131 | D:2      | 1131 ||| STAIRDANCE
  1160 | D:1      | 1160 ||| UPGRADING to +0 ring mail.
  1170 | D:1      | 1170 ||| DROPPING +0 robe.
  1171 | D:1      | 1171 ||| READING scroll labelled SERPHU FYIMI.
  1172 | D:1      | 1172 ||| READING scroll labelled ECA XIRIRHEG.
  1284 | D:2      | Noticed Natasha
  1295 | D:2      | Killed Natasha
  1296 | D:2      | Reached skill level 1 in Armour
  1384 | D:3      | Identified the ring "Pezael" {Fly rCorr Str-5 Int+4 SInv}
  1564 | D:3      | Identified the +5 ring mail of Xiutam {Slay+2}
  1576 | D:3      | Reached XP level 5. HP: 30/30 MP: 6/6
  2074 | D:3      | 2074 ||| UPGRADING to +5 ring mail of Xiutam {Slay+2}.
  2084 | D:3      | 2084 ||| DROPPING +0 ring mail.
  2085 | D:3      | 2085 ||| UPGRADING to ring "Pezael" {Fly rCorr Str-5 Int+4
                  | SInv}.
  2086 | D:3      | 2086 ||| READING 2 scrolls labelled LODGHO FIFO.
  2087 | D:3      | 2087 ||| DRINKING 2 brown potions.
  2088 | D:3      | 2088 ||| DRINKING 2 blue potions.
  2190 | D:4      | Found a sacrificial altar of Ru.
  2238 | D:4      | 2238 ||| FLEEEEING.
  2239 | D:4      | 2239 ||| DRINKING 2 potions of curing.
  2239 | D:4      | 2239 ||| (to cure confusion)
  2245 | D:4      | 2245 ||| Stepping ~*~*~tactically~*~*~ (outnumbered).
  2247 | D:4      | 2247 ||| Stepping ~*~*~tactically~*~*~ (outnumbered).
  2259 | D:4      | Reached skill level 5 in Ranged Weapons
  2346 | D:4      | Found a runed translucent door.
  2351 | D:4      | Noticed qw's ghost (amateur MiHs)
  2601 | D:4      | Noticed Sigmund
  2609 | D:4      | Killed Sigmund
  2610 | D:4      | Reached XP level 6. HP: 33/38 MP: 7/7
  2730 | D:4      | 2730 ||| READING scroll labelled NIONWE COVAT.
  2773 | D:5      | Entered Level 5 of the Dungeon
  2777 | D:5      | 2777 ||| STAIRDANCE
  2915 | D:5      | Noticed a komodo dragon
  2920 | D:5      | HP: 2/38 [komodo dragon (17)]
  2921 | D:5      | 2921 ||| READING 2 scrolls of teleportation.
  2921 | D:5      | Demolished by a komodo dragon

Levels and vault maps discovered:
D:1:      dpeg_arrival_tiny_i, layout_loops_ring, hangedman_abyss_or_decor_stabs
D:2:      layout_rooms, minmay_rat_gold_closets, uniq_jessica, uniq_natasha
D:3:      layout_loops_corners
D:4:      layout_loops_ring, nicolae_ru_path_of_blood,
          ebering_ghost_reflecting_pool, uniq_sigmund
D:5:      kennysheep_windowed_halls, layout_loops_corners,
          doesnt_shop_hydraphobe

Skill      XL: |  1  2  3  4  5 |
---------------+----------------+-----
Ranged Weapons | 3 4 5 |  5.3
Fighting       | 2 4 |  4.3
Armour         | 1 |  1.8
Dodging        | |  1.5
Spellcasting   | |  1.0
Hexes          | |  2.6

Action                     |  1- 3 |  4- 6 || total
---------------------------+-------+-------++-------
   Fire: Sling             |    78 |   113 ||   191
    Use: Scroll            |     5 |     5 ||    10
         Potion            |       |     3 ||     3
 Armour: Robe              |     7 |       ||     7
         Ring mail         |       |    17 ||    17
  Dodge: Dodged            |    19 |    28 ||    47

Table legend:
 A = Non-vault XP
 B = Vault XP
 C = Vault XP percentage of total XP
 D = Non-vault monster count
 E = Vault monster count
 F = Vault count percentage of total count
                 A         B        C        D         E       F
            +---------+---------+-------+---------+---------+-------
      Total |     249 |     292 |  54.0 |      49 |      11 |  18.3
            +---------+---------+-------+---------+---------+-------
        D:1 |      18 |       0 |   0.0 |      12 |       0 |   0.0
        D:2 |      64 |      78 |  54.9 |      13 |      10 |  43.5
        D:3 |      15 |       0 |   0.0 |       9 |       0 |   0.0
        D:4 |     152 |     214 |  58.5 |      15 |       1 |   6.2
            +---------+---------+-------+---------+---------+-------
